 Dungeon Crawl Stone Soup version 0.29-a0-275-g389c0b56f3 (webtiles) character file.

Game seed: 3083074585705249116

678 Ijustatesigmund the Chopper (level 7, -1/64 HPs)
             Began as a Minotaur Fighter on Mar 9, 2022.
             Slain by a gnoll
             ... wielding a +0 halberd
              (9 damage)
             ... on level 5 of the Dungeon.
             The game lasted 00:06:24 (3692 turns).

Ijustatesigmund the Chopper (Minotaur Fighter)      Turns: 3692, Time: 00:06:24

Health: -1/64      AC:  8    Str: 25    XL:     7   Next: 34%
Magic:  6/6        EV: 10    Int:  5    God:
Gold:   137        SH:  4    Dex:  9    Spells: 6/6 levels left

rFire   . . .      SeeInvis .   a - +0 war axe (freeze)
rCold   . . .      Faith    .   c - +0 buckler
rNeg    . . .      Spirit   .   b - +0 scale mail
rPois   .          Reflect  .   (helmet restricted)
rElec   .          Harm     .   (no cloak)
rCorr   .          Rampage  .   l - +0 pair of gloves
Will    .....      Rnd*Tele +   (no boots)
Stlth   ..........              (no amulet)
HPRegen 0.20/turn               (no ring)
MPRegen 0.10/turn               (no ring)

@: mighty, unable to read
A: horns 2, retaliatory headbutt, strong 1, teleportitis 1, inability to read
while threatened
a: no special abilities


You were on level 5 of the Dungeon.
You visited 1 branch of the dungeon, and saw 5 of its levels.

You collected 137 gold pieces.

Inventory:

Hand Weapons
 a - a +0 war axe of freezing (weapon)
 m - a +0 morningstar
Armour
 b - a +0 scale mail (worn)
 c - a +0 buckler (worn)
 l - a +0 pair of gloves (worn)
Jewellery
 o - a ring of magical power
Wands
 e - a wand of iceblast (6)
 q - a wand of flame (17)
Scrolls
 h - 3 scrolls of identify
 k - a scroll of fog
 p - a scroll of teleportation
Potions
 d - a potion of might
 f - 5 potions of curing
 i - a potion of brilliance
 j - a potion of haste
 n - a potion of attraction


   Skills:
 + Level 6.4 Fighting
 + Level 7.9 Axes
 + Level 4.0 Armour
 + Level 1.3 Dodging
 - Level 3.6 Shields


You had 6 spell levels left.
You didn't know any spells.
Your spell library contained the following spells:

 Spells                   Type           Power      Damage    Failure   Level
 Magic Dart               Conj           0%         1d3       85%         1
 Call Imp                 Summ           0%         N/A       94%         2
 Mephitic Cloud           Conj/Pois/Air  0%         N/A       99%         3


Dungeon Overview and Level Annotations

Branches:
Dungeon (5/15)             Temple (0/1) D:5

Altars:
Gozag

Annotations:
D:4 3 runed translucent doors, nuaici's ghost, amateur MiFi


Innate Abilities, Weirdness & Mutations

You have a pair of horns on your head.
You reflexively headbutt those who attack you in melee.
Your muscles are strong. (Str +2)
You are occasionally teleported next to monsters.
You sometimes lose the ability to read scrolls when taking damage.


Message History

The gnoll sergeant burns you.
You are too injured to fight recklessly!
You are too injured to fight recklessly!
You are too injured to fight recklessly!
You are too injured to fight recklessly!
You are too injured to fight recklessly!
You are too injured to fight recklessly!
You are too injured to fight recklessly!
You are too injured to fight recklessly!
You are too injured to fight recklessly!
You are too injured to fight recklessly!
You are too injured to fight recklessly!
You are too injured to fight recklessly!
You are too injured to fight recklessly!
You are too injured to fight recklessly!
You feel very mighty all of a sudden. The gnoll barely misses you.
The gnoll hits you from afar with a +0 halberd.
The gnoll sergeant hits you from afar with a +2 trident of flaming!
* * * LOW HITPOINT WARNING * * *
The gnoll sergeant burns you.
* * * LOW HITPOINT WARNING * * *
The quokka bites you but does no damage.
You feel much better. You block the gnoll's attack.
The gnoll hits you from afar with a +0 halberd!
* * * LOW HITPOINT WARNING * * *
The gnoll sergeant hits you from afar with a +2 trident of flaming.
* * * LOW HITPOINT WARNING * * *
The gnoll sergeant burns you.
* * * LOW HITPOINT WARNING * * *
The quokka misses you.
You slash the quokka! You freeze the quokka.
You kill the quokka!
The gnoll hits you but does no damage.
The gnoll hits you from afar with a +0 halberd!
* * * LOW HITPOINT WARNING * * *
You block the gnoll sergeant's attack. The gnoll barely misses you.
You furiously retaliate!
You headbutt the gnoll. The gnoll hits you with a +0 halberd!
You die...

...P.P......#
...#........#
.........#.#
####....##.# #
#####...##.# .#
#.......##.# ..#
#.......##.#...#
#........#...#
.....$..#)@g.#
#.........gg.#
....<...........
##.......###.....≈
..###... #..#.. .#
#$.. ....≈ ###<
...≈ ...≈


You could see a gnoll sergeant and 2 gnolls.

Vanquished Creatures
  A sky beast (D:3)
  A bullfrog (D:3)
  A scorpion (D:3)
  2 vampire bats (D:4)
  A hound (D:4)
  Jessica (D:3)
  An iguana (D:4)
  4 orc wizards
  2 gnolls (D:5)
  5 adders
  2 worms (D:2)
  2 dart slugs (D:1)
  24 orcs
  5 ball pythons
  12 bats
  8 endoplasms
  4 giant cockroaches
  3 goblins
  8 hobgoblins
  9 jackals
  2 quokkas
  4 frilled lizards (D:1)
  4 kobolds
  4 rats
110 creatures vanquished.

Notes
Turn   | Place    | Note
-------+----------+-------------------------------------------
     0 | D:1      | Ijustatesigmund the Minotaur Fighter began the quest for
                  | the Orb.
     0 | D:1      | Reached XP level 1. HP: 19/19 MP: 0/0
   162 | D:1      | Reached skill level 3 in Axes
   191 | D:1      | Reached XP level 2. HP: 27/27 MP: 1/1
   196 | D:1      | Found a faded altar of an unknown god.
   785 | D:1      | Reached XP level 3. HP: 33/33 MP: 2/2
   848 | D:1      | Reached skill level 4 in Axes
  1559 | D:3      | Noticed Jessica
  1658 | D:3      | Noticed a bullfrog
  1660 | D:3      | Killed Jessica
  1661 | D:3      | Reached XP level 4. HP: 32/41 MP: 3/3
  1667 | D:3      | Killed a bullfrog
  1668 | D:3      | Reached skill level 5 in Fighting
  1668 | D:3      | Reached skill level 5 in Axes
  1668 | D:3      | Reached XP level 5. HP: 23/48 MP: 4/4
  1950 | D:3      | Reached skill level 6 in Axes
  2189 | D:3      | Reached XP level 6. HP: 28/56 MP: 5/5
  2502 | D:3      | Noticed a sky beast
  2514 | D:3      | Killed a sky beast
  2515 | D:3      | Reached skill level 7 in Axes
  2963 | D:4      | Gained mutation: You sometimes lose the ability to read
                  | scrolls when taking damage. [potion of mutation]
  2963 | D:4      | Gained mutation: You are occasionally teleported next to
                  | monsters. [potion of mutation]
  2963 | D:4      | Gained mutation: Your muscles are strong. (Str +2) [potion
                  | of mutation]
  2979 | D:4      | Found a runed translucent gate.
  2979 | D:4      | Found a runed translucent gate.
  2979 | D:4      | Found a runed translucent gate.
  2981 | D:4      | Noticed nuaici's ghost (amateur MiFi)
  3036 | D:4      | Found an opulent altar of Gozag.
  3176 | D:4      | Reached XP level 7. HP: 60/63 MP: 6/6
  3439 | D:4      | Reached skill level 1 in Dodging
  3657 | D:5      | Entered Level 5 of the Dungeon
  3657 | D:5      | Found a staircase to the Ecumenical Temple.
  3692 | D:5      | Slain by a gnoll

Illustrated notes

Levels and vault maps discovered:
D:1:      kennysheep_arrival_forest, layout_basic,
          dreamdust_ecumenical_altar_angels_and_demons, minmay_surrounded
D:2:      layout_rooms
D:3:      layout_basic, hangedman_feature_mirror, uniq_jessica
D:4:      layout_cave_pools, grunt_gozag_statues, gammafunk_ghost_split,
          corexii_corridor_pit, roderic_batcave
D:5:      layout_rooms, mainiacjoe_overflow_large_starburst,
          minmay_temple_entry_gardened_gates, portal_sewer_entry_c,
          serial_shops, shop, minmay_misc_feat_four_crosses,
          dk_rats_in_the_wall, uniq_crazy_yiuf_cottage

Skill      XL: |  1  2  3  4  5  6  7 |
---------------+----------------------+-----
Axes           | 3 4 5 6 7 |  7.9
Fighting       | 4 5 6 |  6.4
Dodging        | 1 |  1.3
Armour         | 4 |  4.0
Shields        | |  3.6

Action                   |  1- 3 |  4- 6 |  7- 9 || total
-------------------------+-------+-------+-------++-------
Melee: War axe           |   104 |   106 |    32 ||   242
       Headbutt          |     9 |    17 |     2 ||    28
  Use: Scroll            |     7 |     3 |     1 ||    11
       Potion            |     1 |     1 |     2 ||     4
Armor: Scale mail        |    45 |    59 |    24 ||   128
Dodge: Dodged            |    61 |    57 |    24 ||   142
Block: Buckler           |    24 |    15 |     8 ||    47

Table legend: (Time is in decaauts)
 A = Elapsed time spent in this place.
 B = Non-inter-level travel time spent in this place.
 C = Inter-level travel time spent in this place.
 D = Time resting spent in this place.
 E = Time spent auto-exploring this place.
 F = Levels seen in this place.
 G = Mean time per level.
                   A        B        C        D        E       F      G
               +--------+--------+--------+--------+--------+-----+--------+
         Total |   3758 |   3659 |     99 |    904 |   2066 |   5 |  751.6 |
       Dungeon |   3758 |   3659 |     99 |    904 |   2066 |   5 |  751.6 |
               +--------+--------+--------+--------+--------+-----+--------+

Top non-repeatable levels by time:
     D:1: 1175 daAuts
     D:3: 1084 daAuts
     D:4: 772 daAuts
     D:2: 690 daAuts
     D:5: 35 daAuts
